 Dungeon Crawl Stone Soup version 0.29-a0-341-g24ffce5b50 (webtiles) character file.

Game seed: 4176546699860819280

44 sokol815 the Poker (level 3, -1/24 HPs)
             Began as an Octopode Gladiator on Apr 21, 2022.
             Slain by a goblin
             ... wielding a +0 dagger
             ... led by Robin
              (6 damage)
             ... on level 2 of the Dungeon.
             The game lasted 00:02:09 (1292 turns).

sokol815 the Poker (Octopode Gladiator)             Turns: 1292, Time: 00:02:10

Health: -1/24      AC:  1    Str: 13    XL:     3   Next: 60%
Magic:  3/3        EV: 17    Int: 12    God:
Gold:   70         SH:  0    Dex: 13    Spells: 2/2 levels left

rFire   . . .      SeeInvis .   a - +1 trident
rCold   . . .      Faith    .   (no shield)
rNeg    . . .      Spirit   .   b - +0 hat
rPois   .          Reflect  .   (no amulet)
rElec   .          Harm     .   E - +4 ring of evasion
rCorr   .          Rampage  .   (no ring)
Will    .....                   (no ring)
Stlth   ++........              (no ring)
HPRegen 0.08/turn               (no ring)
MPRegen 0.08/turn               (no ring)
                                (no ring)
                                (no ring)

@: hasted, very quick
A: almost no armour, amphibious, 8 rings, camouflage 1, gelatinous body 1,
(nimble swimmer 1), tentacles
a: no special abilities


You were on level 2 of the Dungeon.
You visited 1 branch of the dungeon, and saw 2 of its levels.

You collected 70 gold pieces.

Inventory:

Hand Weapons
 a - a +1 trident (weapon)
Missiles
 c - 3 throwing nets {!d}
 d - a javelin
 k - 6 poisoned darts
 s - 31 stones
Armour
 b - a +0 hat (worn)
Jewellery
 E - a +4 ring of evasion (left tentacle)
   (You found it on level 2 of the Dungeon)
Scrolls
 f - 2 scrolls of teleportation {unknown}
 g - a scroll of enchant armour {unknown}
 i - a scroll of silence {unknown}
 j - a scroll of fog {unknown}
 l - a scroll of enchant weapon
Potions
 h - a potion of brilliance {unknown}


   Skills:
 - Level 2.0 Fighting
 + Level 4.5 Polearms
 - Level 2.0 Throwing
 - Level 3.0 Dodging


You had 2 spell levels left.
You didn't know any spells.
Your spell library contained the following spells:

 Spells                   Type           Power      Damage    Failure   Level
 Dazzling Flash           Conj/Hex       0%         N/A       69%         3
 Agony                    Necr           0%         N/A       100%        5
 Silence                  Hex/Air        0%         N/A       100%        5


Dungeon Overview and Level Annotations

Branches:
Dungeon (2/15)

Altars:

Annotations:
D:2 Robin


Innate Abilities, Weirdness & Mutations

You cannot wear most types of armour.
You are amphibious.
You can wear up to eight rings at the same time.
Your skin changes colour to match your surroundings (Stealth+).
Your rubbery body absorbs attacks. (AC +1, EV +1)
((You are camouflaged when in or above water. (Stealth+)))
You have tentacles for arms and can constrict up to eight enemies at once.


Message History

The hobgoblin hits you but does no damage.
The hobgoblin attacks as you move away!
The hobgoblin hits you but does no damage.
The hobgoblin attacks as you move away! The hobgoblin misses you.
The hobgoblin attacks as you move away! The hobgoblin hits you.
* * * LOW HITPOINT WARNING * * *
You take 3 damage, and have 7/24 hp.
It was a potion of haste.
You feel yourself speed up.
H - a potion of haste The hobgoblin no longer looks unusually strong.
The hobgoblin closely misses you.
The goblin no longer looks unusually strong.
The adder hisses angrily.
Found a stone staircase leading up.
There is a stone staircase leading up here.
You climb upwards.
There is a stone staircase leading down here.
You start resting.
Your extra speed is starting to run out.
You start resting.
You feel yourself slow down.
You start resting.
Health restored: 24 You now have 47 gold pieces (gained 6).
Done exploring.
(D) Dungeon
Where to? (? - help)
You see here a +0 whip.
There is a stone staircase leading down here.
You climb downwards.
Level annotation: Robin
There is a stone staircase leading up here.
There are monsters nearby!
You hit the adder. Your grab misses the adder. Your squeeze misses the adder.
The adder closely misses you.
You barely miss the adder. Your grab misses the adder. You squeeze the adder.
The adder bites you but does no damage. The adder misses you.
You closely miss the adder. Your grab misses the adder. The adder misses you.
You barely miss the adder. Your grab misses the adder.
Your squeeze misses the adder. The adder misses you.
The adder closely misses you.
You puncture the adder!
You kill the adder!
You hit the hobgoblin. Your grab misses the hobgoblin.
You squeeze the hobgoblin, but do no damage.
The hobgoblin completely misses you.
You hit the hobgoblin but do no damage. You grab the hobgoblin.
You constrict the hobgoblin. The hobgoblin hits you.
You take 1 damage, and have 23/24 hp.
You hit the hobgoblin. You constrict the hobgoblin.
You kill the hobgoblin!
You reach to attack!
You hit the goblin.
You kill the goblin!
No target in view!
No target in view!
You see here a hobgoblin corpse.
You now have 57 gold pieces (gained 10).
You now have 70 gold pieces (gained 13).
A goblin comes into view. It is wielding a +0 dagger.
The goblin moves out of view.
Health restored: 24 You reach to attack!
The goblin shouts!
You hit Robin.
You hear a shout! x2
Robin roars a battlecry!
The goblins go into a battle-frenzy!
You reach to attack!
You closely miss Robin.
Robin hits you from afar with a +0 spear.
You take 3 damage, and have 21/24 hp.
You closely miss the goblin.
The goblin shouts!
You grab the goblin. You constrict the goblin. Robin misses you.
The goblin barely misses you.
You hit the goblin.
You kill the goblin!
Robin misses you.
You reach to attack!
You hit Robin but do no damage.
Robin roars a battlecry!
The goblins go into a battle-frenzy!
A goblin comes into view. It is wielding a +0 club.
You reach to attack!
You closely miss Robin. Robin closely misses you.
You reach to attack!
You hit Robin. Robin closely misses you.
You hit the hobgoblin. You grab the hobgoblin. You constrict the hobgoblin.
Robin throws the goblin at you! The goblin barely misses you.
The hobgoblin misses you. Robin throws the goblin at you!
The goblin hits you with a +0 dagger. x2; The goblin misses you.
The hobgoblin completely misses you.
You are too injured to fight recklessly!
You take 11 damage, and have 10/24 hp.
MASSIVE DAMAGE!!
You hit the hobgoblin.
You kill the hobgoblin!
Robin misses you. The goblin closely misses you.
The goblin completely misses you. The goblin hits you with a +0 dagger.
* * * LOW HITPOINT WARNING * * *
You take 6 damage, and have 4/24 hp.
MASSIVE DAMAGE!!
You feel yourself speed up. The goblin hits you with a +0 dagger.
You die...

#..# #..#
####..######..########
..........##.........
#.............###...
#.##..###.##...#.# #.##..#
#.##...)# . #.##..#
#.##....# .. #. ..##..#
#.##..)g## ... ###.
.###..###.#####g@###.. ...
...#......# #†#g..# #..
.#.#......#####)#gg## #..
..........g.gg.....# #..
.#.######g#####.#.## #..
...# #g# #.#.# #.. .### #.#
#.#.# #.#####.. .# #.#
#.#.##### #........ .#
###g#####.........#######.#


You could see Robin and 4 goblins.

Vanquished Creatures
  An adder (D:2)
  2 dart slugs (D:1)
  An endoplasm (D:1)
  10 goblins
  6 hobgoblins
  4 kobolds (D:1)
  2 ball pythons (D:1)
  A bat (D:1)
  A frilled lizard (D:1)
28 creatures vanquished.

Vanquished Creatures (others)
  A fungus (D:1)
  11 plants (D:1)
12 creatures vanquished.

Grand Total: 40 creatures vanquished

Notes
Turn   | Place    | Note
-------+----------+-------------------------------------------
     0 | D:1      | sokol815 the Octopode Gladiator began the quest for the
                  | Orb.
     0 | D:1      | Reached XP level 1. HP: 14/14 MP: 1/1
   227 | D:1      | Reached XP level 2. HP: 15/19 MP: 2/2
   442 | D:1      | Reached skill level 4 in Polearms
   487 | D:1      | Found a faded altar of an unknown god.
   599 | D:1      | Reached XP level 3. HP: 24/24 MP: 3/3
   805 | D:1      | You fall into a shaft and drop 1 floor!
   846 | D:2      | Noticed Robin
   863 | D:2      | HP: 6/24 [hobgoblin[Robin] (4)]
  1291 | D:2      | HP: 4/24 [goblin/+0 dagger[Robin] (6)]
  1292 | D:2      | Slain by a goblin

Illustrated notes

Levels and vault maps discovered:
D:1:      wander_arrival_peaceful_grave, layout_loops_ring,
          shapermc_ecumenical_altar_mp_urbaneastern, st_stairs_4
D:2:      layout_loops_ring, grunt_ministairs_12, minmay_misc_feat_rugged,
          uniq_robin

Skill      XL: |  1  2 |
---------------+-------+-----
Polearms       | 4 |  4.5
Fighting       | |  2.0
Throwing       | |  2.0
Dodging        | |  3.0

Action                   || total
-------------------------++-------
Melee: Trident           ||    66
       Constrict         ||    13
       Tentacles         ||     9
       Punch             ||     2
Throw: Javelin           ||     1
  Use: Potion            ||     2
       Scroll            ||     1
 Stab: Sleeping          ||     1
Armor: Skin              ||     8
Dodge: Dodged            ||    51

Table legend: (Time is in decaauts)
 A = Elapsed time spent in this place.
 B = Non-inter-level travel time spent in this place.
 C = Inter-level travel time spent in this place.
 D = Time resting spent in this place.
 E = Time spent auto-exploring this place.
 F = Levels seen in this place.
 G = Mean time per level.
                   A        B        C        D        E       F      G
               +--------+--------+--------+--------+--------+-----+--------+
         Total |   1279 |   1218 |     61 |    292 |    732 |   2 |  639.5 |
       Dungeon |   1279 |   1218 |     61 |    292 |    732 |   2 |  639.5 |
               +--------+--------+--------+--------+--------+-----+--------+

Top non-repeatable levels by time:
     D:1: 1148 daAuts
     D:2: 131 daAuts

Table legend:
 A = Kills in this place as a percentage of kills in entire the game.
 B = Kills by you in this place as a percentage of kills by you in the entire game.
 C = Kills by friends in this place as a percentage of kills by friends in the entire game.
 D = Other kills in this place as a percentage of other kills in the entire game.
 E = Experience gained in this place as a percentage of experience gained in the entire game.
 F = Experience gained in this place divided by the number of levels of this place that you have seen.
                   A       B       C       D       E      F
               +-------+-------+-------+-------+-------+----------------------
         Total | 100.0 | 100.0 |   N/A |   N/A | 100.0 |  31.5
       Dungeon | 100.0 | 100.0 |   N/A |   N/A | 100.0 |  31.5
               +-------+-------+-------+-------+-------+----------------------
